 Dungeon Crawl Stone Soup version 0.18.1-50-g88ac8fd (webtiles) character file.

172 Franakus the Conjurer (level 5, 0/28 HPs)
             Began as a Deep Elf Conjurer on Oct 30, 2016.
             Slain by an orc
             ... wielding a +0 mace
              (4 damage)
             ... on level 4 of the Dungeon.
             The game lasted 00:13:29 (958 turns).

Franakus the Conjurer (Deep Elf Conjurer)            Turns: 958, Time: 00:13:30

Health: 0/28       AC:  2    Str:  3 (5)  XL:     5   Next: 27%
Magic:  13/13      EV: 13    Int: 20 (21) God:
Gold:   80         SH:  0    Dex: 12 (15) Spells: 4 memorised, 1 level left

rFire  . . .     SeeInvis .     m - +0 dagger (curse)
rCold  . . .     Gourm    .     a - +0 robe
rNeg   + . .     Faith    .     (no shield)
rPois  .         Spirit   .     (no helmet)
rElec  .         Dismiss  .     (no cloak)
rCorr  .         Reflect  .     (no gloves)
SustAt .         Harm     .     (no boots)
MR     .....                    (no amulet)
Stlth  +.........               s - ring of positive energy
                                k - ring of wizardry

@: confused, not resistant to hostile enchantments, very unstealthy
A: no striking features
a: no special abilities


You were on level 4 of the Dungeon.
You were hungry.

You visited 1 branch of the dungeon, and saw 5 of its levels.

You collected 80 gold pieces.

Inventory:

Hand Weapons
 j - a +0 dagger
 m - a cursed +0 dagger (weapon)
Armour
 a - a +0 robe (worn)
Jewellery
 k - a ring of wizardry (left hand)
 s - a ring of positive energy (right hand)
Wands
 q - a wand of acid (7/15)
Scrolls
 g - a scroll of enchant weapon
 p - 3 scrolls of identify
 r - a scroll of blinking {unknown}
Books
 b - a book of Conjurations

   Spells                             Type                      Level
   a - Magic Dart                     Conjuration                  1
   b - Searing Ray                    Conjuration                  2
   c - Dazzling Spray                 Conjuration/Hexes            3
   d - Fulminant Prism                Conjuration/Hexes            4
   e - Iskenderun's Mystic Blast      Conjuration                  4
   f - Iskenderun's Battlesphere      Conjuration/Charms           5
Comestibles
 c - 3 bread rations
 d - 3 fruits
 n - a slice of pizza
 o - 3 meat rations


   Skills:
 + Level 3.4 Dodging
 + Level 2.7 Stealth
 + Level 4.5 Spellcasting
 + Level 6.0 Conjurations


You had one spell level left.
You knew the following spells:

 Your Spells              Type           Power        Failure   Level  Hunger
a - Magic Dart            Conj           ####         1%          1    None
b - Searing Ray           Conj           ####..       1%          2    #......
c - Iskenderun's Mystic   Conj           ####....     4%          4    ####...
d - Iskenderun's Battles  Conj/Chrm      ###.....     58%         5    ######.


Dungeon Overview and Level Annotations

Branches:
Dungeon (5/15)
 Temple: D:4-7

Altars:
Makhleb

Annotations:
D:4 Franakus's ghost, amateur DECj


Message History

You hear the sound of rushing water.
There is an entrance to a sewer on this level.
Hurry and find it before the portal rusts away!
You hear the brisk rusting of a very distant drain.
A worker ant, 2 orc wizards and a zombie come into view.
The orc wizard shouts! x2; You hear a shout!
The worker ant moves out of view.
Found a potion of heal wounds.
An orc comes into view. It is wielding a falchion.
There is a stone staircase leading up here.
The ball python bites you but does no damage.
The ball python closely misses you. The orc wizard casts a spell at you.
You are confused.
The orc wizard casts a spell at you. The magic dart hits you!
* * * LOW HITPOINT WARNING * * *
You climb upwards.
Level annotation: Franakus's ghost, amateur DECj The orc hits you with a mace.
You die...

..# ....... ..#
#.........# ..####
#.........#
...?.######.......####
..##....##...........
#######..#.....l...##
##............###
##......Z......#
#....W..@..##... ..#
##.....o.S## #..# #W.#
#.#.....## #...# ...(
....###### #..#### ..#
###... #....### ..
##.. ####...## ( ##$
###..# ##.. ##.


You could see Franakus's ghost, an orc, a ball python, a giant newt and an adder
skeleton.

Vanquished Creatures
  2 hounds
  An orc wizard (D:4)
  A worker ant (D:3)
  A hound skeleton (D:4)
  An adder (D:3)
  2 oozes
  3 giant geckos (D:3)
  3 orcs (D:4)
  A goblin (D:1)
  5 hobgoblins
  3 bats
  2 giant newts (D:3)
  2 kobolds
  A rat (D:3)
28 creatures vanquished.

Notes
Turn   | Place    | Note
--------------------------------------------------------------
     0 | D:1      | Franakus the Deep Elf Conjurer began the quest for the Orb.
     0 | D:1      | Reached XP level 1. HP: 10/10 MP: 6/6
   254 | D:2      | Reached XP level 2. HP: 15/15 MP: 4/8
   258 | D:2      | Learned a level 2 spell: Searing Ray
   282 | D:2      | Found a burning altar of Makhleb.
   286 | D:2      | Reached skill level 5 in Conjurations
   286 | D:2      | Reached XP level 3. HP: 19/19 MP: 3/10
   426 | D:4      | Noticed Franakus's ghost (amateur DECj)
   501 | D:3      | Reached XP level 4. HP: 19/24 MP: 7/11
   553 | D:5      | Entered Level 5 of the Dungeon
   561 | D:4      | Learned a level 4 spell: Iskenderun's Mystic Blast
   713 | D:3      | Reached skill level 6 in Conjurations
   713 | D:3      | Reached XP level 5. HP: 15/28 MP: 1/13
   911 | D:4      | Learned a level 5 spell: Iskenderun's Battlesphere
   958 | D:4      | Slain by an orc

Skill      XL: |  1  2  3  4 |
---------------+-------------+-----
Conjurations   | 5 6 |  6.0
Spellcasting   | 4 |  4.5
Dodging        | 3 |  3.4
Stealth        | |  2.7

Action                   |  1- 3 |  4- 6 || total
-------------------------+-------+-------++-------
Melee: Dagger            |       |    12 ||    12
 Cast: Magic Dart        |    20 |    10 ||    30
       Searing Ray       |     4 |     5 ||     9
       Iskenderun's Myst |       |     3 ||     3
  Use: Scroll            |     2 |       ||     2
       Potion            |       |     5 ||     5
Armor: Robe              |       |     9 ||     9
Dodge: Dodged            |     4 |    36 ||    40
